 Dungeon Crawl Stone Soup version 0.30.0-19-g36f170ea60 (webtiles) character file.

Game seed: 10700369940102368916

2937 Ijustatesigmund the Magician (level 9, -14/61 HPs)
             Began as an Octopode Conjurer on June 1, 2023.
             Was an Initiate of the Shining One.
             Demolished by Erica
             ... wielding a +4 scimitar of flaming
              (19 damage)
             ... on level 8 of the Dungeon.
             The game lasted 00:24:21 (11550 turns).

Ijustatesigmund the Magician (Octopode Conjurer)   Turns: 11550, Time: 00:24:22

Health: -14/61     AC:  1    Str:  6    XL:     9   Next: 80%
Magic:  0/19       EV: 12    Int: 24    God:    the Shining One [......]
Gold:   276        SH:  5    Dex: 11    Spells: 14/21 levels left

rFire   . . .        y - +3 flail (protect)
rCold   . . .        h - +0 buckler
rNeg    . . .        (helmet restricted)
rPois   .            (no amulet)
rElec   .            c - ring of wizardry
rCorr   .            (no ring)
SInv    .            (no ring)
Will    .....        (no ring)
Stlth   +            (no ring)
HPRegen 0.30/turn    (no ring)
MPRegen 0.16/turn    (no ring)
                     (no ring)

%: wizardry (x1)
@: glowing, studying Shields
A: almost no armour, amphibious, 8 rings, camouflage 1, gelatinous body 1,
(nimble swimmer 1), tentacles
a: Renounce Religion


You were on level 8 of the Dungeon.
You worshipped the Shining One.
The Shining One was noncommittal.
You visited 2 branches of the dungeon, and saw 9 of its levels.

You collected 276 gold pieces.

Inventory:

Hand Weapons
 b - a +6 flail
 y - a +3 flail of protection (weapon)
Armour
 h - a +0 buckler (worn)
Magical Staves
 g - a staff of fire
Jewellery
 c - a ring of wizardry (left tentacle)
 e - a ring of fire
 x - a ring of fire
Wands
 a - a wand of iceblast (14)
 k - a wand of flame (12)
 p - a wand of digging (5)
Scrolls
 f - 2 scrolls of magic mapping
 l - a scroll of poison
 n - 2 scrolls of enchant weapon
 q - a scroll of blinking
 s - a scroll of fog
 v - 2 scrolls of teleportation
Potions
 d - a potion of mutation
 i - 3 potions of brilliance
 j - 2 potions of curing
 m - a potion of flight
 o - 2 potions of attraction
 r - 2 potions of cancellation
 t - a potion of heal wounds
 u - a potion of might
 w - a potion of haste


   Skills:
 - Level 5.5 Fighting
 - Level 4.1 Maces & Flails
 + Level 2.1 Dodging
 - Level 2.6 Stealth
 + Level 6.6 Shields
 + Level 6.7 Spellcasting
 + Level 6.0 Conjurations
 - Level 5.2 Translocations
 + Level 0.5 Invocations


You had 14 spell levels left.
You knew the following spells:

 Your Spells              Type           Power      Damage    Failure   Level
a - Magic Dart            Conj           100%       1d8       1%          1
b - Searing Ray           Conj           74%        2d7       1%          2
c - Iskenderun's Mystic   Conj/Tloc      35%        2d8       4%          4

Your spell library contained the following spells:

 Spells                   Type           Power      Damage    Failure   Level
 Shock                    Conj/Air       88%        1d8       1%          1
 Summon Small Mammal      Summ           32%        N/A       4%          1
 Dazzling Flash           Conj/Hex       44%        N/A       4%          3
 Passage of Golubria      Tloc           33%        N/A       5%          4
 Iskenderun's Battlesphe  Conj           37%        2d9       11%         5
 Call Canine Familiar     Summ           8%         N/A       13%         3
 Summon Guardian Golem    Hex/Summ       8%         N/A       13%         3
 Swiftness                Air            8%         N/A       13%         3
 Tukima's Dance           Hex            8%         N/A       13%         3
 Fulminant Prism          Conj/Hex       11%        3d9       13%         4
 Airstrike                Air            4%         2d(1-17)  38%         4
 Yara's Violent Unravell  Hex/Tmut       4%         3d4       73%         5
 Iron Shot                Conj/Erth      11%        9d3       86%         6
 Spellforged Servitor     Conj/Summ      11%        N/A       100%        7


Dungeon Overview and Level Annotations

Branches:
Dungeon (8/15)             Temple (1/1) D:7
   Lair: D:8-11

Altars:
Cheibriados
Dithmenos
Elyvilon
Fedhas
Gozag
Hepliaklqana
Makhleb
Nemelex Xobeh
Qazlal
Ru
Trog
Uskayaw
Vehumet
Wu Jian
Xom
Yredelemnul
Zin
The Shining One

Shops:
D:4 !   D:5 (

Annotations:
D:8 Erica


Innate Abilities, Weirdness & Mutations

You cannot wear most types of armour.
You are amphibious.
You can wear up to eight rings at the same time.
Your skin changes colour to match your surroundings (Stealth+).
Your rubbery body absorbs attacks. (AC +1, EV +1)
((You are camouflaged when in or above water. (Stealth+)))
You have tentacles for arms and can constrict up to eight enemies at once.


Message History

Casting: Iskenderun's Mystic Blast (dangerous; 4% risk of failure)
Confirm with . or Enter, or press ? or * to list all spells.
You can't see any susceptible monsters within range! (Use Z to cast anyway.) Unknown command.
Casting: Iskenderun's Mystic Blast (dangerous; 4% risk of failure)
Confirm with . or Enter, or press ? or * to list all spells.
You erupt in a blast of force!
The mystic blast hits something!
You completely miss something. Something hits you! Something burns you.
Casting: Iskenderun's Mystic Blast (dangerous; 4% risk of failure)
Confirm with . or Enter, or press ? or * to list all spells.
You can't see any susceptible monsters within range! (Use Z to cast anyway.)
Casting: Iskenderun's Mystic Blast (dangerous; 4% risk of failure)
Confirm with . or Enter, or press ? or * to list all spells.
You erupt in a blast of force!
The mystic blast hits something!
Something hits you! Something burns you.
* * * LOW HITPOINT WARNING * * *
Casting: Iskenderun's Mystic Blast (dangerous; 4% risk of failure)
Confirm with . or Enter, or press ? or * to list all spells.
You can't see any susceptible monsters within range! (Use Z to cast anyway.)
Casting: Iskenderun's Mystic Blast (dangerous; 4% risk of failure)
Confirm with . or Enter, or press ? or * to list all spells.
You erupt in a blast of force!
The mystic blast hits something!
Something hits you!
* * * LOW HITPOINT WARNING * * *
Something burns you. The Shining One protects you from harm!
Casting: Iskenderun's Mystic Blast (dangerous; 4% risk of failure)
Confirm with . or Enter, or press ? or * to list all spells.
You can't see any susceptible monsters within range! (Use Z to cast anyway.)
Casting: Iskenderun's Mystic Blast (dangerous; 4% risk of failure)
Confirm with . or Enter, or press ? or * to list all spells.
You erupt in a blast of force!
The mystic blast hits something.
Casting: Iskenderun's Mystic Blast (dangerous; 4% risk of failure)
Confirm with . or Enter, or press ? or * to list all spells.
You can't see any susceptible monsters within range! (Use Z to cast anyway.)
Casting: Iskenderun's Mystic Blast (dangerous; 4% risk of failure)
Confirm with . or Enter, or press ? or * to list all spells.
You erupt in a blast of force!
The mystic blast hits something!
Something hits you!!
You die...

. ##. # #.. #.
###.# .# #.#.# .#
####...###.#
#........@{#
.##....#####
#.....#.# ..###
#.# #.######.##
..........#
#.######..#######
#### #.........
...# #.########


There were no monsters in sight!

Vanquished Creatures
  Grinder (D:3)
  Sigmund (D:3)
  A wyvern (D:7)
  Edmund (D:5)
  Duvessa (D:6)
  A sky beast (D:7)
  An orc warrior (D:7)
  3 black bears
  An ogre (D:6)
  2 phantoms (D:6)
  A kobold brigand (D:4)
  A gnoll sergeant (D:8)
  4 scorpions
  5 wights
  Dowan (D:6)
  3 howler monkeys (D:7)
  Crazy Yiuf (D:2)
  3 orc priests
  A gnoll bouda (D:6)
  5 hounds
  A jelly (D:4)
  Ijyb (D:4)
  2 iguanas
  An orc wizard (D:5)
  Robin (D:1)
  10 adders
  8 gnolls
  A white imp (D:7)
  2 ufetubi
  2 worms
  4 dart slugs
  17 orcs
  3 ball pythons
  5 bats
  6 endoplasms
  A giant cockroach (D:1)
  15 goblins
  7 hobgoblins
  8 jackals
  5 quokkas
  A frilled lizard (D:2)
  6 kobolds
  3 rats
148 creatures vanquished.

Notes
Turn   | Place    | Note
-------+----------+-------------------------------------------
     0 | D:1      | Ijustatesigmund the Octopode Conjurer began the quest for
                  | the Orb.
     0 | D:1      | Reached XP level 1. HP: 11/11 MP: 3/3
   261 | D:1      | Reached XP level 2. HP: 18/18 MP: 0/5
   264 | D:1      | Learned a level 2 spell: Searing Ray
   620 | D:1      | Reached skill level 1 in Fighting
  1302 | D:2      | Noticed Robin
  1320 | D:1      | Killed Robin
  1321 | D:1      | Reached XP level 3. HP: 14/23 MP: 1/6
  1669 | D:1      | Reached XP level 4. HP: 10/29 MP: 8/8
  1994 | D:2      | Found a runed translucent door.
  1995 | D:2      | Noticed Crazy Yiuf
  2144 | D:2      | Reached XP level 5. HP: 35/35 MP: 0/9
  2149 | D:2      | Learned a level 4 spell: Iskenderun's Mystic Blast
  2606 | D:3      | Noticed Grinder
  2621 | D:3      | Paralysed by Grinder for 4 turns
  2632 | D:3      | Paralysed by Grinder for 2 turns
  2640 | D:3      | Killed Grinder
  2641 | D:3      | Reached XP level 6. HP: 24/40 MP: 1/11
  3159 | D:3      | Noticed Sigmund
  3167 | D:3      | Killed Sigmund
  3168 | D:3      | Reached XP level 7. HP: 38/45 MP: 2/13
  3764 | D:4      | Found Uhatru's Distillery.
  4293 | D:4      | Noticed Ijyb
  4303 | D:4      | Killed Ijyb
  5003 | D:5      | Entered Level 5 of the Dungeon
  5047 | D:5      | Reached XP level 8. HP: 51/51 MP: 7/15
  5051 | D:5      | Reached skill level 5 in Spellcasting
  5243 | D:5      | Identified the +1 spear "Jelel" {flame, rN++}
  5305 | D:5      | Noticed Edmund
  5557 | D:2      | Killed Crazy Yiuf
  5926 | D:5      | Reached skill level 5 in Shields
  6091 | D:5      | Found Ihioh's Weapon Emporium.
  6244 | D:6      | Noticed Duvessa
  6244 | D:6      | Noticed Dowan
  6280 | D:6      | Killed Duvessa
  6280 | D:6      | HP: 1/52 [Dowan/puff of flame (13)]
  6282 | D:6      | Killed Dowan
  6994 | D:6      | Reached skill level 5 in Translocations
  7210 | D:6      | Found an ornate altar of the Wu Jian Council.
  7213 | D:6      | Found a snail-covered altar of Cheibriados.
  7215 | D:6      | Found a shimmering altar of Xom.
  7215 | D:6      | Found a blossoming altar of Fedhas.
  7319 | D:6      | Reached XP level 9. HP: 42/58 MP: 17/17
  7396 | D:6      | Found a stormy altar of Qazlal.
  7397 | D:6      | Found a shadowy altar of Dithmenos.
  7399 | D:6      | Found a hide-covered altar of Uskayaw.
  7947 | D:5      | Reached skill level 5 in Conjurations
  8445 | D:5      | Killed Edmund
  9607 | D:6      | Reached skill level 5 in Fighting
 10140 | D:7      | Found a staircase to the Ecumenical Temple.
 10378 | D:7      | Found an opulent altar of Gozag.
 10803 | Temple   | Entered the Ecumenical Temple
 10817 | Temple   | Became a worshipper of the Shining One
 11536 | D:8      | Noticed Erica
 11548 | D:8      | The Shining One protects you from harm!
 11550 | D:8      | Demolished by Erica

Illustrated notes

Levels and vault maps discovered:
D:1:      wheals_arrival_shading, layout_basic
D:2:      layout_rooms, grunt_ministairs_2, hangedman_decor_push,
          uniq_crazy_yiuf_cottage, uniq_robin
D:3:      layout_loops_cross, uniq_grinder, uniq_sigmund
D:4:      layout_loops_corners, serial_bayou, serial_bayou_ford_a,
          serial_bayou_crossing, serial_bayou_shore_a, serial_bayou_lagoon_a,
          serial_bayou_pond_b, serial_bayou_pond_d, serial_shops,
          shop_fountains, uniq_ijyb
D:5:      layout_loops_ring, serial_shops, shop, serial_aquarium,
          aquarium_bridge_straight [aquarium_subvault_bridge,
          aquarium_subvault_window, aquarium_subvault_bridge,
          aquarium_subvault_wall], aquarium_bridge_island_small
          [aquarium_subvault_small_open, aquarium_subvault_balcony,
          aquarium_subvault_bridge, aquarium_subvault_window,
          aquarium_subvault_bridge], aquarium_window_1, aquarium_window_1,
          aquarium_window_fake, aquarium_window_fake, aquarium_view_2c,
          aquarium_balcony_3b, uniq_edmund
D:6:      layout_gridville, grunt_temple_overflow_open, nicolae_titane,
          uniq_duvessa
D:7:      layout_basic, lemuel_coloured_pillars_altar,
          minmay_temple_entry_sparse_star
D:8:      layout_loops_ring, kennysheep_vampire_church, serial_shops, shop,
          uniq_joseph, uniq_erica, uniq_maggie
Temple:   hellmonk_temple_rainy

Skill      XL: |  1  2  3  4  5  6  7  8  9 |
---------------+----------------------------+-----
Fighting       | 1 2 4 5 |  5.5
Spellcasting   | 3 4 5 6 |  6.7
Maces & Flails | 2 4 |  4.1
Translocations | 2 3 5 |  5.2
Shields        | 2 4 6 |  6.6
Conjurations   | 6 |  6.0
Dodging        | |  2.1
Stealth        | |  2.6
Invocations    | |  0.5

Action                     |  1- 3 |  4- 6 |  7- 9 || total
---------------------------+-------+-------+-------++-------
  Melee: Short sword       |    17 |       |       ||    17
         Tentacles         |     5 |     4 |    43 ||    52
         Constrict         |     3 |     5 |    40 ||    48
         Morningstar       |       |    21 |   126 ||   147
         Punch             |       |       |     1 ||     1
         Flail             |       |       |    59 ||    59
   Cast: Magic Dart        |    39 |    45 |    29 ||   113
         Searing Ray       |     4 |     8 |    12 ||    24
         Iskenderun's Myst |       |     2 |    57 ||    59
  Evoke: Wand              |       |       |     4 ||     4
    Use: Scroll            |     7 |     4 |    11 ||    22
         Potion            |     4 |     5 |     3 ||    12
   Stab: Sleeping          |     1 |     1 |     9 ||    11
 Armour: Skin              |     6 |     4 |    19 ||    29
  Dodge: Dodged            |    33 |    18 |   130 ||   181
  Block: Buckler           |       |     1 |    67 ||    68
